 Dungeon Crawl Stone Soup version 0.20.1-1-g8b1a95d (webtiles) character file.

322 Kingsmith the Grave Robber (level 6, -6/44 HPs)
             Began as a Mummy Necromancer on Dec 8, 2017.
             Killed by divine providence
             ... invoked by an orc priest
              (10 damage)
             ... on level 4 of the Dungeon.
             The game lasted 00:12:31 (4029 turns).

Kingsmith the Grave Robber (Mummy Necromancer)      Turns: 4029, Time: 00:12:32

Health: -6/44      AC:  7    Str: 11    XL:     6   Next: 22%
Magic:  4/13       EV: 12    Int: 16    God:
Gold:   78         SH:  0    Dex: 13    Spells: 2/15 levels left

rFire    x . .     SeeInvis .   p - +2 quarterstaff (chaos)
rCold    + . .     Gourm    .   (shield currently unavailable)
rNeg     + + +     Faith    .   a - +0 robe
rPois    ∞         Spirit   .   (no helmet)
rElec    .         Reflect  .   m - +0 cloak
rCorr    .         Harm     .   g - +2 pair of gloves
MR       .....                  i - +0 pair of boots
Stlth    ++........             (no amulet)
Regen    0.2/turn               (no ring)
MPRegen  0.2/turn               (no ring)

@: slowed, very slow
A: no food or potions, fire vulnerability, cold resistance 1, negative energy
resistance 3, torment resistance, unbreathing
a: no special abilities


You were on level 4 of the Dungeon.
You were not hungry.

You visited 1 branch of the dungeon, and saw 4 of its levels.

You collected 78 gold pieces.

Inventory:

Hand Weapons
 p - a +2 quarterstaff of chaos (weapon)
Armour
 a - a +0 robe (worn)
 g - a +2 pair of gloves (worn)
 i - a +0 pair of boots (worn)
 m - a +0 cloak (worn)
Jewellery
 c - an uncursed amulet of rage {unknown}
Scrolls
 d - a scroll of teleportation {unknown}
 e - a scroll of immolation {unknown}
 f - 3 scrolls of identify {unknown}
 h - a scroll of fog {unknown}
 j - a scroll of enchant weapon {unknown}
 l - a scroll of recharging {unknown}
 n - a scroll of remove curse {unknown}
 o - a scroll of enchant armour {unknown}
Books
 b - a book of Necromancy

   Spells                             Type                      Level
   a - Pain                           Necromancy                   1
   b - Animate Skeleton               Necromancy                   1
   c - Vampiric Draining              Necromancy                   3
   d - Regeneration                   Charms/Necromancy            3
   e - Animate Dead                   Necromancy                   4
   f - Control Undead                 Necromancy                   4


   Skills:
 + Level 2.0 Fighting
 - Level 1.5 Dodging
 - Level 1.5 Stealth
 - Level 5.2 Spellcasting
 - Level 6.0 Necromancy


You had 2 spell levels left.
You knew the following spells:

 Your Spells              Type           Power        Failure   Level  Hunger
a - Pain                  Necr           ###.         1%          1    N/A
b - Animate Skeleton      Necr           N/A          1%          1    N/A
c - Vampiric Draining     Necr           ###.......   3%          3    N/A
d - Animate Dead          Necr           N/A          12%         4    N/A
e - Control Undead        Necr           ###.......   12%         4    N/A

Dungeon Overview and Level Annotations

Branches:
Dungeon (4/15)
 Temple: D:4-7

Altars:
Makhleb
Ru
The Shining One


Innate Abilities, Weirdness & Mutations

You do not eat or drink.
Your flesh is vulnerable to fire.
You are immune to poison.
Your flesh is cold resistant. (rC+)
You are immune to negative energy. (rN+++)
You are immune to unholy pain and torment.
You can survive without breathing.


Message History

The orc wizard gestures wildly while chanting.
The orc wizard seems to speed up.
The orc closely misses you.
The orc wizard gestures wildly while chanting.
The orc wizard blinks!
You see here a dagger.
You completely miss the orc. The orc closely misses you.
The orc priest invokes the aid of Beogh against you.
Beogh smites you!
* * * LOW HITPOINT WARNING * * *
The orc hits you but does no damage.
Casting: Control Undead
Confirm with . or Enter, or press ? or * to list all spells.
You call on the dead to rise...
The dead are walking!
The orc hits you but does no damage.
You swap places.
The orc wizard gestures wildly while chanting.
The orc wizard blinks!
The orc barely misses your orc zombie.
The orc priest calls down the wrath of Beogh upon you.
Beogh smites you!
You die...

. .....## .. .......#
... #.......## ?...
........ ....o####
#.....#
...o.oo.###.....##
....###oZ@.......# .
..####o<.....# #.#
#.......#
######.####..†..(##
#..........(..........
#......###....##.#####
#...........### ..#
#......###.## >#
#......##..# .#


You could see an orc priest, 2 orc wizards, 3 orcs and a friendly orc zombie.

Vanquished Creatures
  An orc priest (D:4)
  Crazy Yiuf (D:3)
  A hound (D:3)
  An orc wizard (D:3)
  Terence (D:2)
  Robin (D:2)
  6 adders
  An ooze (D:2)
  An adder skeleton (D:4)
  3 worms
  A dart slug (D:2)
  2 leopard geckos
  7 orcs
  A ball python (D:3)
  6 giant cockroaches
  10 goblins
  12 hobgoblins
  4 jackals (D:2)
  9 kobolds
  2 quokkas
  3 bats
  6 frilled lizards
  8 rats
88 creatures vanquished.

Vanquished Creatures (collateral kills)
  An adder (D:4)
  2 goblins (D:2)
  2 hobgoblins
5 creatures vanquished.

Grand Total: 93 creatures vanquished

Notes
Turn   | Place    | Note
-------+----------+-------------------------------------------
     0 | D:1      | Kingsmith the Mummy Necromancer began the quest for the Orb.
     0 | D:1      | Reached XP level 1. HP: 13/13 MP: 4/4
     2 | D:1      | Learned a level 1 spell: Animate Skeleton
   159 | D:1      | Reached XP level 2. HP: 6/19 MP: 3/5
  1171 | D:2      | Reached skill level 5 in Necromancy
  1232 | D:2      | Reached XP level 3. HP: 24/24 MP: 5/7
  1243 | D:2      | Learned a level 3 spell: Vampiric Draining
  1277 | D:2      | Noticed Robin
  1366 | D:2      | Killed Robin
  1804 | D:2      | Reached XP level 4. HP: 30/30 MP: 4/8
  2154 | D:2      | Found a sacrificial altar of Ru.
  2172 | D:2      | Noticed Terence
  2214 | D:2      | Reached skill level 6 in Necromancy
  2216 | D:2      | Killed Terence
  2439 | D:2      | Reached XP level 5. HP: 35/35 MP: 7/10
  2454 | D:2      | Learned a level 4 spell: Animate Dead
  3317 | D:3      | Found a runed door.
  3353 | D:3      | Noticed Crazy Yiuf
  3363 | D:3      | Killed Crazy Yiuf
  3409 | D:3      | Found a burning altar of Makhleb.
  3417 | D:3      | Reached skill level 5 in Spellcasting
  3445 | D:3      | Found a glowing golden altar of the Shining One.
  3798 | D:3      | Reached XP level 6. HP: 42/42 MP: 13/13
  3802 | D:3      | Reached skill level 1 in Fighting
  3808 | D:3      | Learned a level 4 spell: Control Undead
  4029 | D:4      | Killed from afar by an orc priest

Skill      XL: |  1  2  3  4  5  6 |
---------------+-------------------+-----
Necromancy     | 5 6 |  6.0
Spellcasting   | 3 5 |  5.2
Fighting       | 2 |  2.0
Dodging        | |  1.5
Stealth        | |  1.5

Action                   |  1- 3 |  4- 6 || total
-------------------------+-------+-------++-------
Melee: Dagger            |    51 |    72 ||   123
       Unarmed           |     1 |       ||     1
       Quarterstaff      |       |    46 ||    46
Throw: Stone             |     1 |       ||     1
 Cast: Pain              |    55 |    88 ||   143
       Animate Skeleton  |     4 |     3 ||     7
       Animate Dead      |       |     5 ||     5
       Control Undead    |       |     3 ||     3
 Stab: Sleeping          |       |     3 ||     3
Armor: Robe              |    25 |    53 ||    78
Dodge: Dodged            |    52 |   103 ||   155
